 Dungeon Crawl Stone Soup version 0.30-a0-50-gb2d611f6b1 (webtiles) character file.

Game seed: 1640754629173854722

3028 ToastOfDOOM the Protected (level 9, -3/82 HPs)
             Began as a Minotaur Fighter on Sept 4, 2022.
             Was a Believer of Okawaru.
             Killed by divine providence
             ... invoked by an orc priest
              (12 damage)
             ... on level 6 of the Dungeon.
             The game lasted 00:28:28 (7045 turns).

ToastOfDOOM the Protected (Minotaur Fighter)        Turns: 7045, Time: 00:28:29

Health: -3/82      AC: 13    Str: 24    XL:     9   Next: 55%
Magic:  7/8        EV:  8    Int:  5    God:    Okawaru [**....]
Gold:   220        SH: 10    Dex: 11    Spells: 8/8 levels left

rFire   . . .      SeeInvis .    u - +2 scimitar (elec)
rCold   . . .      Faith    +    s - +0 kite shield
rNeg    . . .      Spirit   .    b - +0 scale mail
rPois   .          Reflect  .    (helmet restricted)
rElec   .          Harm     .    y - +0 cloak
rCorr   .          Rampage  .    w - +2 pair of gloves
Will    .....                    (no boots)
Stlth   ..........               q - amulet of faith
HPRegen 0.23/turn                (no ring)
MPRegen 0.11/turn                (no ring)

@: mighty
A: horns 2, retaliatory headbutt
a: Renounce Religion, Heroism


You were on level 6 of the Dungeon.
You worshipped Okawaru.
Okawaru was pleased with you.
You visited 2 branches of the dungeon, and saw 7 of its levels.

You collected 220 gold pieces.

Inventory:

Hand Weapons
 a - a +1 long sword of venom
 o - a +2 rapier of freezing
 u - a +2 scimitar of electrocution (weapon)
Missiles
 c - 3 boomerangs of dispersal (quivered)
Armour
 b - a +0 scale mail (worn)
 m - a +2 cloak
 s - a +0 kite shield (worn)
 w - a +2 pair of gloves (worn)
 y - a +0 cloak (worn)
Jewellery
 h - a ring of wizardry
 q - an amulet of faith (around neck)
Wands
 d - a wand of polymorph (7)
 e - a wand of iceblast (14)
 r - a wand of flame (29)
Scrolls
 k - a scroll of butterflies
 t - a scroll of magic mapping
 x - 2 scrolls of identify
Potions
 f - a potion of magic {unknown}
 g - a potion of ambrosia {unknown}
 i - 4 potions of curing
 j - 2 potions of berserk rage
 l - 3 potions of resistance {unknown}
 n - 3 potions of cancellation {unknown}
 p - a potion of degeneration {unknown}
 v - a potion of attraction {unknown}


   Skills:
 + Level 8.9 Fighting
 + Level 8.3 Long Blades
 + Level 8.9 Armour
 + Level 8.8 Shields


You had 8 spell levels left.
You didn't know any spells.
Your spell library contained the following spells:

 Spells                   Type           Power      Damage    Failure   Level
 Orb of Destruction       Conj           0%         9d5       100%        7
 Summon Guardian Golem    Hex/Summ       Unusable   N/A       N/A         3
 Summon Forest            Summ/Tloc      Unusable   N/A       N/A         5
 Summon Mana Viper        Hex/Summ       Unusable   N/A       N/A         5
 Summon Cactus Giant      Summ           Unusable   N/A       N/A         6
 Spellforged Servitor     Conj/Summ      Unusable   N/A       N/A         7

Dungeon Overview and Level Annotations

Branches:
Dungeon (6/15)             Temple (1/1) D:4

Altars:
Fedhas
Hepliaklqana
Okawaru
Sif Muna
Trog
Vehumet
Wu Jian
Xom
Zin

Shops:
D:3 :

Annotations:
D:5 3 runed translucent doors, Therru's ghost, novice MiBe; ToastOfDOOM's ghost, amateur MiFi; kae's ghost, amateur DgFE; stringoo's ghost, weakling OpDe


Innate Abilities, Weirdness & Mutations

You have a pair of horns on your head.
You reflexively headbutt those who attack you in melee.


Message History

You slash Menkaure! You headbutt Menkaure!
Menkaure is almost destroyed.
Menkaure hits you!
* * * LOW HITPOINT WARNING * * *
You slash Menkaure!
You destroy Menkaure!
Okawaru accepts your kill.
You slice the orc!! Lightning courses through the orc!
You kill the orc!
Okawaru accepts your kill.
An orc priest comes into view. It is wielding a +0 hand axe.
The orc priest shouts!
You slice the orc priest!!
You kill the orc priest!
Okawaru accepts your kill.
The iguana hisses menacingly.
You slice the scorpion!!
You kill the scorpion!
Okawaru accepts your kill.
An orc comes into view. It is wielding a +0 flail.
The iguana closely misses you.
Things that are here:
a +0 dagger; a +0 dagger; an orc corpse You closely miss the iguana.
You headbutt the iguana!
The iguana is almost dead.
You feel like a meek peon again.
A hound comes into view.
The iguana bites you.
* * * LOW HITPOINT WARNING * * *
The hound barks!
You slash the iguana!
You kill the iguana!
Okawaru accepts your kill.
The orc priest invokes the aid of Beogh against you.
Beogh smites you!
* * * LOW HITPOINT WARNING * * *
The orc attacks as you move away! The orc hits you but does no damage.
The orc priest calls down the wrath of Beogh upon you.
Beogh smites you!
You die...

#### #....##.###......
..... #....##...#######
..... #....##.........
.....###.......#.#####.
).......b..#..>......
......#........#.....
..................##..
....#..####...#.... .
... #.@.....#####... .
#o#####.# ... #.# #.#
#o# .. .o. .. h.. ..
....# ....# .....#


You could see a hound, an orc priest and 2 orcs.

Vanquished Creatures
  Pikel (D:4)
  A troll (D:6)
  Sigmund (D:6)
  Menkaure (D:6)
  Duvessa (D:4)
  An ice beast (D:4)
  2 orc warriors
  A centaur (D:6)
  An ogre (D:5)
  5 phantoms
  A kobold brigand (D:6)
  A bullfrog (D:6)
  Blork the orc (D:4)
  3 scorpions
  Dowan (D:4)
  3 jellies
  A howler monkey (D:5)
  3 hounds
  Crazy Yiuf (D:6)
  4 orc priests
  2 iguanas
  6 orc wizards
  Natasha (twice) (D:2)
  8 adders
  A shadow imp (D:5)
  2 white imps (D:6)
  4 worms
  2 dart slugs
  26 orcs
  6 bats
  4 endoplasms
  4 giant cockroaches
  8 goblins
  7 hobgoblins
  10 kobolds
  4 quokkas
  9 ball pythons
  3 frilled lizards
  7 rats
149 creatures vanquished.

Vanquished Creatures (others)
  An orc wizard (D:6)
  2 fungi (D:1)
  5 plants (D:1)
8 creatures vanquished.

Grand Total: 157 creatures vanquished

Notes
Turn   | Place    | Note
-------+----------+-------------------------------------------
     0 | D:1      | ToastOfDOOM the Minotaur Fighter began the quest for the
                  | Orb.
     0 | D:1      | Reached XP level 1. HP: 19/19 MP: 0/0
   235 | D:1      | Reached XP level 2. HP: 27/27 MP: 1/1
   606 | D:1      | Found a faded altar of an unknown god.
  1015 | D:2      | Reached XP level 3. HP: 23/33 MP: 2/2
  1716 | D:2      | Noticed Natasha
  1720 | D:2      | Killed Natasha
  1721 | D:2      | Reached XP level 4. HP: 33/41 MP: 3/3
  1737 | D:2      | Noticed Natasha
  1738 | D:2      | Killed Natasha
  2606 | D:3      | Noticed a phantom
  2621 | D:3      | Killed a phantom
  2622 | D:3      | Reached XP level 5. HP: 34/47 MP: 4/4
  2756 | D:3      | Reached skill level 5 in Fighting
  2994 | D:3      | Found Xoblo's Book Shoppe.
  3177 | D:3      | Reached skill level 5 in Armour
  3204 | D:3      | Reached skill level 5 in Shields
  3416 | D:4      | Reached XP level 6. HP: 44/56 MP: 5/5
  3513 | D:4      | Found a large runed translucent door.
  3514 | D:4      | Found a large runed translucent door.
  3515 | D:4      | Noticed Pikel
  3523 | D:4      | Killed Pikel
  3524 | D:4      | Reached skill level 5 in Long Blades
  3524 | D:4      | Reached XP level 7. HP: 47/63 MP: 6/6
  3638 | D:4      | Found a radiant altar of Vehumet.
  3645 | D:4      | Found an ornate altar of the Wu Jian Council.
  3669 | D:4      | Noticed Blork the orc
  3670 | D:4      | Noticed Duvessa
  3680 | D:4      | Killed Blork the orc
  3746 | D:4      | Killed Duvessa
  3746 | D:4      | Noticed Dowan
  3750 | D:4      | Reached XP level 8. HP: 46/71 MP: 7/7
  3772 | D:4      | Killed Dowan
  3994 | D:4      | Found a staircase to the Ecumenical Temple.
  4022 | D:4      | Found a bloodstained altar of Trog.
  4037 | Temple   | Entered the Ecumenical Temple
  4096 | Temple   | Became a worshipper of Warmaster Okawaru
  4528 | D:5      | Entered Level 5 of the Dungeon
  4560 | D:5      | Reached * piety under Okawaru
  5192 | D:5      | Found a runed translucent gate.
  5192 | D:5      | Found a runed translucent gate.
  5193 | D:5      | Found a runed translucent gate.
  5193 | D:5      | Noticed stringoo's ghost (weakling OpDe)
  5193 | D:5      | Noticed kae's ghost (amateur DgFE)
  5193 | D:5      | Noticed Therru's ghost (novice MiBe)
  5194 | D:5      | Noticed stringoo's ghost (weakling OpDe)
  5194 | D:5      | Noticed ToastOfDOOM's ghost (amateur MiFi)
  5809 | D:6      | Reached XP level 9. HP: 72/81 MP: 8/8
  5917 | D:6      | Found a runed translucent door.
  5918 | D:6      | Noticed Crazy Yiuf
  5925 | D:6      | Killed Crazy Yiuf
  5959 | D:6      | Found a shimmering blue altar of Sif Muna.
  5960 | D:6      | Noticed a troll
  5975 | D:6      | Killed a troll
  5975 | D:6      | Reached ** piety under Okawaru
  6915 | D:6      | Noticed Sigmund
  6980 | D:6      | Killed Sigmund
  7030 | D:6      | Noticed Menkaure
  7038 | D:6      | Killed Menkaure
  7045 | D:6      | Killed from afar by an orc priest

Illustrated notes

Levels and vault maps discovered:
D:1:      nzn_arrival_depleted_hourglass, layout_loops_ring,
          shapermc_ecumenical_altar_mp_urbaneastern
D:2:      layout_loops_ring, uniq_natasha
D:3:      kennysheep_six_static_rooms, layout_basic, serial_shops,
          nicolae_shop_statue_plus
D:4:      layout_cave_pools, jmf_multi_god_temple2,
          mainiacjoe_overflow_alcove_1, minmay_temple_entry_stoned_glass,
          grunt_ministairs_6, minmay_misc_feat_encased, uniq_duvessa,
          uniq_pikel, uniq_blork_the_orc
D:5:      layout_basic, gammafunk_ghost_cemetery, st_stairs_7
D:6:      minmay_recursive_quarters, layout_basic,
          grunt_temple_overflow_holy_war, nicolae_elyvilon_peaceful_grove,
          mainiacjoe_overflow_alcove_4, uniq_sigmund, uniq_crazy_yiuf_cottage,
          uniq_menkaure
Temple:   hellmonk_temple_flake

Skill      XL: |  1  2  3  4  5  6  7  8  9 |
---------------+----------------------------+-----
Fighting       | 4 5 6 8 |  8.9
Armour         | 4 5 6 8 |  8.9
Long Blades    | 3 4 5 6 7 8 |  8.3
Shields        | 4 5 6 7 8 |  8.8

Action                   |  1- 3 |  4- 6 |  7- 9 || total
-------------------------+-------+-------+-------++-------
Melee: Long sword        |    80 |   106 |   116 ||   302
       Headbutt          |     9 |    11 |    46 ||    66
       Scimitar          |       |       |   104 ||   104
Invok: Heroism           |       |       |     8 ||     8
  Use: Scroll            |     4 |     5 |     1 ||    10
       Potion            |     1 |     1 |     2 ||     4
Armor: Scale mail        |    33 |    48 |   112 ||   193
Dodge: Dodged            |    39 |    43 |    64 ||   146
Block: Buckler           |    14 |    23 |       ||    37
       Kite shield       |       |    26 |    94 ||   120

Table legend: (Time is in decaauts)
 A = Elapsed time spent in this place.
 B = Non-inter-level travel time spent in this place.
 C = Inter-level travel time spent in this place.
 D = Time resting spent in this place.
 E = Time spent auto-exploring this place.
 F = Levels seen in this place.
 G = Mean time per level.
                   A        B        C        D        E       F      G
               +--------+--------+--------+--------+--------+-----+--------+
         Total |   7111 |   6642 |    469 |   2259 |   3224 |   7 | 1015.9 |
       Dungeon |   7039 |   6588 |    451 |   2259 |   3178 |   6 | 1173.2 |
        Temple |     72 |     54 |     18 |      0 |     46 |   1 |   72.0 |
               +--------+--------+--------+--------+--------+-----+--------+

Top non-repeatable levels by time:
     D:6: 1533 daAuts
     D:4: 1347 daAuts
     D:1: 1226 daAuts
     D:2: 1113 daAuts
     D:3: 1026 daAuts
     D:5: 791 daAuts
  Temple: 72 daAuts
